 Dungeon Crawl Stone Soup version 0.18-a0-1435-gee79d65 (webtiles) character file.

22 Foomius the Grave Robber (level 2, -1/23 HPs)
             Began as a Demonspawn Necromancer on Feb 28, 2016.
             Slain by an adder (3 damage)
             ... on level 2 of the Dungeon.
             The game lasted 00:02:18 (1132 turns).

Foomius the Grave Robber (Demonspawn Necromancer)   Turns: 1132, Time: 00:02:18

Health: -1/23      AC:  2    Str:  8    XL:     2   Next: 68%
Magic:  0/5        EV: 12    Int: 21    God:
Gold:   47         SH:  0    Dex: 13    Spells: 2 memorised, 3 levels left

rFire  . . .     SeeInvis .     j - +0 short sword (speed)
rCold  . . .     Gourm    .     a - +0 robe
rNeg   . . .     Faith    .     (no shield)
rPois  .         Spirit   .     (helmet restricted)
rElec  .         Dismiss  .     (no cloak)
rCorr  .         Reflect  .     (no gloves)
SustAt .         Harm     .     (no boots)
MR     .....                    (no amulet)
Stlth  ++........               (no ring)
                                (no ring)

@: brilliant, flying, not resistant to hostile enchantments, unstealthy
A: horns 1
a: no special abilities


You were on level 2 of the Dungeon.
You were hungry.

You visited 1 branch of the dungeon, and saw 2 of its levels.

You collected 47 gold pieces.

Inventory:

Hand Weapons
 i - a +0 dagger
 j - a +0 short sword of speed (weapon)
Missiles
 l - 67 stones (quivered)
Armour
 a - a +0 robe (worn)
Scrolls
 e - a scroll of recharging {unknown}
 f - 2 scrolls of immolation {unknown}
 g - a scroll of amnesia {unknown}
 m - a scroll of identify {unknown}
Potions
 d - 2 potions of brilliance
Books
 b - a book of Necromancy

   Spells                             Type                      Level
   a - Pain                           Necromancy                   1
   b - Animate Skeleton               Necromancy                   1
   c - Vampiric Draining              Necromancy                   3
   d - Regeneration                   Charms/Necromancy            3
   e - Animate Dead                   Necromancy                   4
   f - Control Undead                 Necromancy                   4
Comestibles
 c - 2 bread rations
 h - 4 fruits


   Skills:
 + Level 2.4 Fighting
 - Level 1.7 Dodging
 - Level 1.7 Stealth
 - Level 2.0 Spellcasting
 - Level 4.3 Necromancy


You had 3 spell levels left.
You knew the following spells:

 Your Spells              Type           Power        Failure   Level  Hunger
a - Pain                  Necr           ####         1%          1    #......
b - Animate Skeleton      Necr           N/A          1%          1    #......


Dungeon Overview and Level Annotations

Branches:
Dungeon (2/15)

Altars:


Innate Abilities, Weirdness & Mutations

You have a pair of small horns on your head.


Message History

* * * LOW HITPOINT WARNING * * *
The adder closely misses you.
Your jackal skeleton bites the worm.
Found 13 gold pieces.
Your jackal skeleton barely misses the worm.
The adder bites you.
* * * LOW HITPOINT WARNING * * *
Casting: Pain
Confirm with . or Enter, or press ? or * to list all spells.
Aiming: Pain
Press: ? - help, Shift-Dir - straight line, f - adder
Aim: an adder (chance to defeat MR: 89%)
The adder convulses in agony!
The adder misses you.
Casting: Pain
Confirm with . or Enter, or press ? or * to list all spells.
Aiming: Pain
Press: ? - help, Shift-Dir - straight line, f/p - adder
Aim: an adder (lightly wounded, chance to defeat MR: 89%)
The adder convulses in agony!
Your jackal skeleton bites something.
The adder bites you.
You die...

#. #$# ..# .# # #.. #.#
#.# ###.#.. ##.###.#
....#..#####......####
........#............. #
#..#...#.##..@#..######
# #..........S###......#
#.# # #...####...#..#
#.# # #...%....Z#.#.#
#.# # #...####..###.#
#.# # #[...#.......#
#.####.# #.# #
.)..#>..####.####......#
#.#### ##. ##..#
#.###.#.#######..... #
#..#
#.##.###............


You could see an adder and a friendly jackal skeleton.

Vanquished Creatures
  A giant gecko (D:1)
  A giant cockroach (D:2)
  4 goblins
  3 jackals (D:2)
  A quokka (D:2)
  3 bats (D:1)
  A giant newt (D:1)
  4 kobolds
  A rat (D:1)
19 creatures vanquished.

Notes
Turn   | Place    | Note
--------------------------------------------------------------
     0 | D:1      | Foomius the Demonspawn Necromancer began the quest for the Orb.
     0 | D:1      | Reached XP level 1. HP: 13/13 MP: 3/3
   301 | D:1      | Reached skill level 1 in Fighting
   557 | D:1      | Gained mutation: You have a pair of small horns on your head. [demonic ancestry]
   557 | D:1      | Reached XP level 2. HP: 17/22 MP: 0/5
  1113 | D:2      | Learned a level 1 spell: Animate Skeleton
  1132 | D:2      | Slain by an adder

Vault maps used:
D:1:      scummos_arrival_checkerplants, due_unseen_surprise
D:2:      lemuel_zombie_altar_kikubaaqudgha, minmay_goblin_outpost, uniq_terence

Skill      XL: |  1  2 |
---------------+-------+-----
Fighting       | 1 2 |  2.4
Dodging        | |  1.7
Stealth        | |  1.7
Spellcasting   | |  2.0
Necromancy     | |  4.3

Action                   || total
-------------------------++-------
Melee: Dagger            ||     3
       Unarmed           ||     1
       Short sword       ||    28
 Cast: Pain              ||    19
       Animate Skeleton  ||     1
  Use: Potion            ||     2
 Stab: Sleeping          ||     2
